 Dungeon Crawl Stone Soup version 0.16-a0-1348-g01787a8 (webtiles) character file.

426 Psiweapon the Insei (level 6, -1/45 (47) HPs)
             Began as a Draconian Transmuter on Oct 19, 2014.
             Slain by a centaur zombie (5 damage)
             ... in an ossuary.
             The game lasted 00:20:10 (4623 turns).

Psiweapon the Insei (Draconian Transmuter)          Turns: 4623, Time: 00:20:10

HP:   -1/45 (47)    AC:  7    Str: 12    XL:     6   Next: 64%
MP:   10/10         EV: 12    Int: 14    God:
Gold: 206           SH:  4    Dex: 13    Spells: 2 memorised, 6 levels left

rFire  . . .     SeeInvis +       - Unarmed
rCold  . . .     Clarity  .     (armour unavailable)
rNeg   . . .     SustAb   .     m - +0 buckler
rPois  .         Gourm    .     (helmet restricted)
rElec  .         Spirit   .     (no cloak)
rCorr  .         Warding  .     (no gloves)
rMut   .         Stasis   .     o - +0 pair of boots
MR     .....                    (no amulet)
Stlth  +.........               (no ring)
                                e - ring of see invisible

@: appendage (expiring), not resistant to hostile enchantments, very unstealthy
A: unfitting armour, horns 2, cold-blooded, AC +6
a: End Transformation


You were in an ossuary.
You were not hungry.
You had grown temporary horns.
You visited 1 branch of the dungeon, and saw 4 of its levels.
You also visited: Ossuary.

You collected 206 gold pieces.

Inventory:

Hand weapons
 q - a +0 dagger
Missiles
 b - 5 arrows
 f - 13 sling bullets
 j - 39 stones (quivered)
 n - 18 bolts
Armour
 m - a +0 buckler (worn)
 o - a +0 pair of boots (worn)
Jewellery
 e - a ring of see invisible (left hand)
Scrolls
 g - 5 scrolls of identify {unknown}
 h - 2 scrolls of magic mapping {unknown}
 i - 2 scrolls of fog
 k - a scroll of remove curse {unknown}
 l - a scroll of enchant armour {unknown}
 y - a scroll of fear {unknown}
Potions
 c - a potion of restore abilities {unknown}
 p - a potion of cure mutation {unknown}
 s - a potion of might {unknown}
 u - a potion of degeneration {unknown}
 v - a potion of heal wounds {unknown}
Books
 d - a book of Changes

   Spells                             Type                      Level
   *Beastly Appendage                 Transmutation                1
   *Sticks to Snakes                  Transmutation                2
   Spider Form                        Transmutation/Poison         3
   Ice Form                           Ice/Transmutation            4
   Blade Hands                        Transmutation                5
Comestibles
 a - 4 bread rations
 w - a rotting chunk of hobgoblin flesh


   Skills:
 - Level 1.1 Fighting
 - Level 1.9 Dodging
 * Level 2.4 Shields
 + Level 5.1 Unarmed Combat
 - Level 2.0 Spellcasting
 + Level 5.1 Transmutations


You had 6 spell levels left.
You knew the following spells:

 Your Spells              Type           Power        Failure   Level  Hunger
a - Beastly Appendage     Trmt           ###...       2%          1    ##.....
b - Sticks to Snakes      Trmt           ###.......   4%          2    ###....


Dungeon Overview and Level Annotations

Branches:
Dungeon (4/15)
 Temple: D:4-7

Altars:
Dithmenos


Innate Abilities, Weirdness & Mutations

Your plain brown scales are hard (AC +6).
Your body does not fit into most forms of armour.
Your cold-blooded metabolism reacts poorly to cold.
You have a pair of horns on your head.


Message History

Your tail-slap misses the decayed bog body.
The decayed bog body is severely damaged.
Your transformation is almost over.
You closely miss the decayed bog body. You tail-slap the decayed bog body.
The decayed bog body is severely damaged.
The decayed bog body hits you!
* * * LOW HITPOINT WARNING * * *
The decayed bog body completely misses you.
You hit the decayed bog body.
You destroy the decayed bog body!
You hit the centaur zombie. The centaur zombie closely misses you.
You hit the centaur zombie. You tail-slap the centaur zombie.
The centaur zombie hits you.
* * * LOW HITPOINT WARNING * * *
The centaur zombie hits you.
* * * LOW HITPOINT WARNING * * *
Drink which item? (? for menu, Esc to quit)
Okay, then.
You punch the centaur zombie! The centaur zombie hits you.
You die...

≈ .≈ ≈# Z≈ #
.## ≈≈# ≈'
≈≈ #####≈#≈#
#∩.@#≈.P##
#.∩.Z≈≈≈≈#
#...#≈..#≈≈#
#####.≈≈≈≈#
...### '###
.# ##


You could see a centaur zombie.

Vanquished Creatures
  A phantom (D:4)
  A necrophage (D:4)
  A bog body (Ossuary)
  An orc wizard (D:4)
  2 orc priests (D:3)
  A worker ant (D:4)
  2 gnolls (D:3)
  3 adders
  A worm (D:2)
  4 giant geckos
  6 orcs
  A ball python (D:3)
  2 bats
  A giant cockroach (D:2)
  12 goblins
  8 hobgoblins
  3 jackals (D:3)
  3 kobolds
  5 giant newts
  11 rats
69 creatures vanquished.

Vanquished Creatures (collateral kills)
  A gnoll (D:3)
  A hobgoblin (D:4)
2 creatures vanquished.

Vanquished Creatures (others)
  A plant (Ossuary)
1 creature vanquished.

Grand Total: 72 creatures vanquished

Notes
Turn   | Place    | Note
--------------------------------------------------------------
     0 | D:1      | Psiweapon, the Draconian Transmuter, began the quest for the Orb.
     0 | D:1      | Reached XP level 1. HP: 16/16 MP: 3/3
   549 | D:1      | Reached XP level 2. HP: 20/23 MP: 1/4
  1158 | D:2      | Reached XP level 3. HP: 28/28 MP: 4/6
  1728 | D:2      | Reached skill level 4 in Unarmed Combat
  1862 | D:2      | Learned a level 2 spell: Sticks to Snakes
  2814 | D:3      | Reached XP level 4. HP: 35/35 MP: 0/7
  2859 | D:3      | Reached skill level 1 in Shields
  3298 | D:3      | Reached XP level 5. HP: 28/40 MP: 6/9
  4281 | D:4      | Noticed a necrophage
  4290 | D:4      | Killed a necrophage
  4290 | D:4      | Reached XP level 6. HP: 12/46 MP: 8/10
  4334 | D:4      | Found a shadowy altar of Dithmenos.
  4389 | D:4      | Noticed a phantom
  4419 | D:4      | Killed a phantom
  4419 | D:4      | Reached skill level 5 in Unarmed Combat
  4419 | D:4      | Reached skill level 5 in Transmutations
  4504 | D:4      | Found a sand-covered staircase.
  4509 | Ossuary  | Entered an ossuary
  4623 | Ossuary  | Slain by a centaur zombie

Action                   |  1- 3 |  4- 6 || total
-------------------------+-------+-------++-------
Melee: Unarmed           |   131 |   177 ||   308
 Cast: Beastly Appendage |    28 |    16 ||    44
       Sticks to Snakes  |     6 |     6 ||    12
  Use: Scroll            |     1 |       ||     1
       Potion            |       |     3 ||     3
 Stab: Distracted        |     1 |       ||     1
  Eat: Chunk             |     7 |     7 ||    14
